 Dungeon Crawl Stone Soup version 0.25-a0-731-g0472a16d6a (webtiles) character file.

Game seed: 11020363516067358780, levelgen mode: deterministic

14 Lavandula the Scratcher (level 2, 0/14 HPs)
             Began as a Felid Chaos Knight on Apr 8, 2020.
             Was a Plaything of Xom.
             Slain by a goblin
             ... wielding a +0 dagger
              (2 damage)
             ... on level 1 of the Dungeon.
             The game lasted 00:00:38 (112 turns).

Lavandula the Scratcher (Felid Chaos Knight)         Turns: 112, Time: 00:00:39

Health: 0/14       AC:  1    Str:  8    XL:     2   Next: 31%
Magic:  3/3        EV: 18    Int: 13    God:    Xom [..*...]
Gold:   11         SH:  0    Dex: 15    Spells: 1/1 levels left
                                        Lives:  0   Deaths: 0

rFire    . . .     SeeInvis +     - Unarmed
rCold    . . .     Gourm    .   (shield unavailable)
rNeg     . . .     Faith    .   (armour unavailable)
rPois    .         Spirit   .   (helmet unavailable)
rElec    .         Reflect  .   (cloak unavailable)
rCorr    .         Harm     .   (gloves unavailable)
MR       .....                  (boots unavailable)
Stlth    ++........             (no amulet)
HPRegen  0.04/turn              (no ring)
MPRegen  0.08/turn              (no ring)

@: quick
A: very small, no armour, no weapons or thrown items, stealth, claws 1, fangs 3,
see invisible, carnivore, speed 1, shaggy fur 1, slow metabolism 1, sharp paws
a: Renounce Religion


You were on level 1 of the Dungeon.
You worshipped Xom.
You were a toy of Xom.
You were full.

You visited 1 branch of the dungeon, and saw 1 of its levels.

You collected 11 gold pieces.

Inventory:

Scrolls
 b - 3 scrolls of identify {unknown}
Comestibles
 a - 2 rations


   Skills:
 - Level 3.0 Fighting
 - Level 3.2 Dodging
 + Level 3.8 Unarmed Combat


You had one spell level left.
You didn't know any spells.
Your spell library was empty.

Dungeon Overview and Level Annotations

Branches:
Dungeon (1/15)

Altars:


Innate Abilities, Weirdness & Mutations

You cannot wear armour.
You are incapable of wielding weapons or throwing items.
Your paws allow you to move quietly. (Stealth)
You have sharp claws.
You have razor-sharp teeth.
You have supernaturally acute eyesight. (SInv)
You are carnivorous and can eat meat at any time.
You cover ground quickly.
You are covered in fur. (AC +1)
You have a slow metabolism.
Your sharp claws are effective at attacking unaware monsters.


Message History

Press: ? - help, v - describe, . - travel, g - get item
Here: a goblin, wielding a +0 dagger A kobold corpse.
The floor, spattered with blood.
You scratch the goblin.
The goblin is severely wounded.
The goblin closely misses you.
The kobold completely misses your butterfly.
Unknown command.
You scratch the goblin but do no damage.
The goblin is severely wounded.
You almost hear Xom's maniacal laughter.
Sparks fly from your paws! The goblin completely misses you.
The kobold misses your butterfly.
Unknown command.
You closely miss the goblin.
The goblin is severely wounded.
The goblin hits you with a +0 dagger.
You die... "This toy is broken." ... #.# #.# .b#.#. #g# ll... #K# lg..

# #b# ... .# #b# K.
..# #@# .#...#
###########g##.b...#
#..............#
#..............#
#......$....b....+
#..............###
#..............#
######..............#
)...................#


You could see 2 goblins and a kobold.

Vanquished Creatures
  A dart slug (D:1)
  A goblin (D:1)
  4 jackals (D:1)
  2 kobolds (D:1)
  2 bats (D:1)
  A frilled lizard (D:1)
11 creatures vanquished.

Notes
Turn   | Place    | Note
-------+----------+-------------------------------------------
     0 | D:1      | Lavandula the Felid Chaos Knight began the quest for the
                  | Orb.
     0 | D:1      | Reached XP level 1. HP: 10/10 MP: 2/2
    35 | D:1      | XOM: potion effect (curing)
    50 | D:1      | Reached XP level 2. HP: 10/14 MP: 3/3
    55 | D:1      | XOM: silly message
   103 | D:1      | XOM: butterfly on damage
   111 | D:1      | XOM: harmless Fire miscast
   112 | D:1      | Slain by a goblin

Levels and vault maps discovered:
D:1:      minmay_arrival_shattered_statue, layout_basic

Action                   || total
-------------------------++-------
Melee: Unarmed           ||    42
       Bite              ||     3
  Eat: Chunk             ||     3
Armor: Skin              ||     2
Dodge: Dodged            ||    30

Table legend:
 A = Non-vault XP
 B = Vault XP
 C = Vault XP percentage of total XP
 D = Non-vault monster count
 E = Vault monster count
 F = Vault count percentage of total count
                 A         B        C        D         E       F
            +---------+---------+-------+---------+---------+-------
      Total |      21 |       0 |   0.0 |      11 |       0 |   0.0
            +---------+---------+-------+---------+---------+-------
        D:1 |      21 |       0 |   0.0 |      11 |       0 |   0.0
            +---------+---------+-------+---------+---------+-------
